 Dungeon Crawl Stone Soup version 0.28-a0-724-g66f9036eb4 (webtiles) character file.

Game seed: 18260490198161801536

497 pokeman the Magician (level 6, -4/34 HPs)
             Began as a Deep Elf Hedge Wizard on Oct 27, 2021.
             Slain by Duvessa (6 damage)
             ... on level 4 of the Dungeon.
             The game lasted 00:08:01 (3479 turns).

pokeman the Magician (Deep Elf Hedge Wizard)        Turns: 3479, Time: 00:08:02

Health: -4/34      AC:  4    Str:  7    XL:     6   Next: 93%
Magic:  10/18      EV: 16    Int: 21    God:
Gold:   80         SH:  0    Dex: 14    Spells: 9/20 levels left

rFire   + . .      SeeInvis .   k - +0 mace
rCold   + . .      Faith    .   (no shield)
rNeg    . . .      Spirit   .   m - +0 leather armour
rPois   .          Reflect  .   o - +0 helmet
rElec   .          Harm     .   t - scarf {rC+ rF+}
rCorr   .          Rampage  .   (no gloves)
Will    .....                   (no boots)
Stlth   ++........              l - amulet of the acrobat
HPRegen 0.11/turn               h - +4 ring of slaying
MPRegen 0.16/turn               n - +4 ring of evasion

@: no status effects
A: no striking features
a: no special abilities


You were on level 4 of the Dungeon.
You visited 1 branch of the dungeon, and saw 4 of its levels.

You collected 80 gold pieces.

Inventory:

Hand Weapons
 k - a +0 mace (weapon)
Armour
 m - a +0 leather armour (worn)
 o - a +0 helmet (worn)
 t - a scarf of resistance (worn)
Jewellery
 h - a +4 ring of slaying (left hand)
 j - a ring of see invisible
 l - an amulet of the acrobat (around neck)
 n - a +4 ring of evasion (right hand)
Scrolls
 b - a scroll of enchant weapon {unknown}
 c - a scroll of teleportation {unknown}
 d - 3 scrolls of identify {unknown}
 e - 2 scrolls of immolation {unknown}
 g - a scroll of torment {unknown}
Potions
 a - 2 potions of flight {unknown}
 f - a potion of brilliance {unknown}
 i - 2 potions of might {unknown}
 q - a potion of magic {unknown}
 r - a potion of curing {unknown}
 s - a potion of attraction {unknown}


   Skills:
 + Level 1.0 Fighting
 - Level 1.6 Armour
 - Level 3.3 Dodging
 - Level 3.1 Stealth
 * Level 7.6 Spellcasting
 + Level 3.6 Conjurations
 - Level 1.1 Summonings
 - Level 1.1 Translocations
 + Level 1.1 Fire Magic
 - Level 1.0 Air Magic
 - Level 1.1 Poison Magic


You had 9 spell levels left.
You knew the following spells:

 Your Spells              Type           Power      Damage    Failure   Level
a - Magic Dart            Conj           92%        1d7       2%          1
b - Mephitic Cloud        Conj/Pois/Air  16%        N/A       17%         3
c - Call Imp              Summ           12%        N/A       12%         2
d - Blink                 Tloc           24%        N/A       12%         2
e - Conjure Flame         Conj/Fire      18%        6-21      14%         3

Your spell library contained the following spells:

 Spells                   Type           Power      Damage    Failure   Level
 Slow                     Hex            7%         N/A       19%         2


Dungeon Overview and Level Annotations

Branches:
Dungeon (4/15)
 Temple: D:4-7

Altars:
Ashenzari

Annotations:
D:4 Duvessa


Message History

The puff of flame hits you. You resist.
Duvessa hits Dowan with a +0 short sword.
You hit Dowan.
Dowan is almost dead.
Dowan is engulfed in blazing flames.
You kill Dowan!
Duvessa weeps, then rights herself and shakes her weapon.
Duvessa goes berserk!
Your Air Magic skill increases to level 1!
Your Poison Magic skill increases to level 1!
Unknown command.
Unknown command.
Casting: Mephitic Cloud (quite dangerous; 17% risk of failure)
Confirm with . or Enter, or press ? or * to list all spells.
A shadowy apparition takes form in the air.
Duvessa is engulfed in blazing flames.
Duvessa hits your shadow imp with a +0 short sword!
Your shadow imp is killed!
Your shadow imp disappears in a puff of smoke!
Duvessa is engulfed in blazing flames.
Duvessa hits you with a +0 short sword!
Unknown command.
Casting: Call Imp (safe; 12% risk of failure)
Confirm with . or Enter, or press ? or * to list all spells.
A metallic apparition takes form in the air.
Duvessa seems less confused.
Duvessa is engulfed in blazing flames.
Duvessa hits you with a +0 short sword!
Unknown command.
Unknown command.
You hit Duvessa.
Duvessa is moderately wounded.
Duvessa is engulfed in blazing flames.
Duvessa barely misses you.
Duvessa is engulfed in blazing flames.
Duvessa hits you with a +0 short sword!
* * * LOW HITPOINT WARNING * * *
Your iron imp barely misses Duvessa.
Unknown command.
Unknown command.
You hit Duvessa.
Duvessa is heavily wounded.
Duvessa is engulfed in blazing flames.
Duvessa hits you with a +0 short sword.
You die...

#....# #.........# #....#
#.........#
#....####.........#
#.................# .####
#...).#.#.........#
......#....##...####.####
.##..##....####.## #.##
.........### #..###..#
.....#..## ##@e5.#.#
.....#)## ####...#
.##..e.#### #####
....e.....# ..........###
............#
............###
...............
...............


You could see Duvessa (berserk, fast, ally target) and a friendly iron imp
(summoned).

Vanquished Creatures
  Sigmund (D:2)
  Eustachio (D:4)
  Dowan (D:4)
  An orc priest (D:4)
  A bullfrog skeleton (D:4)
  An orc wizard (D:4)
  2 adders (D:2)
  3 worms
  3 orcs (D:4)
  11 ball pythons
  4 bats
  3 endoplasms
  4 giant cockroaches
  4 goblins
  4 hobgoblins
  5 kobolds
  4 frilled lizards
  7 rats
60 creatures vanquished.

Notes
Turn   | Place    | Note
-------+----------+-------------------------------------------
     0 | D:1      | pokeman the Deep Elf Hedge Wizard began the quest for the
                  | Orb.
     0 | D:1      | Reached XP level 1. HP: 10/10 MP: 7/7
    83 | D:1      | Found a faded altar of an unknown god.
   358 | D:1      | Reached XP level 2. HP: 16/16 MP: 4/9
  1162 | D:2      | Reached skill level 5 in Spellcasting
  1162 | D:2      | Reached XP level 3. HP: 20/20 MP: 2/11
  1166 | D:2      | Learned a level 3 spell: Mephitic Cloud
  1169 | D:2      | Learned a level 2 spell: Call Imp
  1172 | D:2      | Learned a level 2 spell: Blink
  1176 | D:2      | Learned a level 3 spell: Conjure Flame
  1434 | D:2      | Reached skill level 1 in Fighting
  1790 | D:2      | Noticed Sigmund
  1808 | D:2      | Killed Sigmund
  1809 | D:2      | Reached skill level 1 in Armour
  1809 | D:2      | Reached skill level 6 in Spellcasting
  1809 | D:2      | Reached XP level 4. HP: 25/25 MP: 5/14
  1809 | D:2      | Reached XP level 5. HP: 29/29 MP: 5/15
  2520 | D:3      | Found a broken altar of Ashenzari.
  2998 | D:4      | Noticed Eustachio
  3032 | D:4      | Killed Eustachio
  3033 | D:4      | Reached skill level 7 in Spellcasting
  3033 | D:4      | Reached skill level 1 in Fire Magic
  3033 | D:4      | Reached XP level 6. HP: 32/34 MP: 4/18
  3036 | D:4      | Noticed Duvessa
  3467 | D:4      | Noticed Dowan
  3475 | D:4      | Killed Dowan
  3476 | D:4      | Reached skill level 1 in Air Magic
  3476 | D:4      | Reached skill level 1 in Poison Magic
  3479 | D:4      | Slain by Duvessa

Illustrated notes

Levels and vault maps discovered:
D:1:      amcnicky_arrival_feature_with_door, layout_basic,
          ebering_ecumenical_altar_petrified, kennysheep_decorative_pillar
D:2:      layout_basic, kennysheep_big_empty_room, uniq_sigmund
D:3:      layout_loops_cross, ashenzari_conservatory_becter
D:4:      layout_rooms, uniq_duvessa, uniq_eustachio

Skill      XL: |  1  2  3  4  5  6 |
---------------+-------------------+-----
Spellcasting   | 5 6 7 |  7.6
Fighting       | 1 |  1.0
Conjurations   | 2 3 |  3.6
Armour         | 1 |  1.6
Dodging        | 3 |  3.3
Stealth        | 3 |  3.1
Fire Magic     | 1 |  1.1
Air Magic      | 1 |  1.0
Poison Magic   | 1 |  1.1
Summonings     | |  1.1
Translocations | |  1.1

Action                   |  1- 3 |  4- 6 || total
-------------------------+-------+-------++-------
Melee: Mace              |     1 |    15 ||    16
 Cast: Magic Dart        |    88 |    60 ||   148
       Conjure Flame     |     1 |     4 ||     5
       Mephitic Cloud    |     1 |     3 ||     4
       Call Imp          |       |     2 ||     2
Armor: Robe              |     2 |       ||     2
       Leather armour    |       |     4 ||     4
Dodge: Dodged            |     2 |    11 ||    13

Table legend: (Time is in decaauts)
 A = Elapsed time spent in this place.
 B = Non-inter-level travel time spent in this place.
 C = Inter-level travel time spent in this place.
 D = Time resting spent in this place.
 E = Time spent auto-exploring this place.
 F = Levels seen in this place.
 G = Mean time per level.
                   A        B        C        D        E       F      G
               +--------+--------+--------+--------+--------+-----+--------+
         Total |   3484 |   3361 |    123 |    270 |   2607 |   4 |  871.0 |
       Dungeon |   3484 |   3361 |    123 |    270 |   2607 |   4 |  871.0 |
               +--------+--------+--------+--------+--------+-----+--------+

Top non-repeatable levels by time:
     D:2: 1176 daAuts
     D:3: 1018 daAuts
     D:1: 958 daAuts
     D:4: 331 daAuts
